 Dungeon Crawl Stone Soup version 0.26.0-10-g1f06aea511 (webtiles) character file.

Game seed: 17260782944662561226

2324 vatarom the Zephyrmancer (level 9, 0/47 HPs)
             Began as a Tengu Air Elementalist on Jan 18, 2021.
             Was an Initiate of Vehumet.
             Slain by Harold
             ... wielding a +0 war axe
              (13 damage)
             ... on level 8 of the Dungeon.
             The game lasted 00:11:46 (10621 turns).

vatarom the Zephyrmancer (Tengu Air Elementalist)  Turns: 10621, Time: 00:11:47

Health: 0/47       AC:  5    Str:  8    XL:     9   Next: 42%
Magic:  12/19      EV: 13    Int: 19    God:    Vehumet [......]
Gold:   439        SH:  7    Dex: 15    Spells: 5/20 levels left

rFire    + . .     SeeInvis .   h - +2 dagger (venom)
rCold    + . .     Faith    .   k - +2 buckler
rNeg     . . .     Spirit   .   a - +0 robe
rPois    .         Reflect  .   (helmet restricted)
rElec    .         Harm     .   z - +2 cloak
rCorr    .         Rampage  .   (no gloves)
Will     .....                  (boots unavailable)
Stlth    ++........             (no amulet)
HPRegen  0.15/turn              f - ring of protection from fire
MPRegen  0.16/turn              r - ring of protection from cold

@: about to teleport
A: beak, talons 3, able to fly
a: Fly, Renounce Religion


You were on level 8 of the Dungeon.
You worshipped Vehumet.
Vehumet was noncommittal.
You visited 2 branches of the dungeon, and saw 9 of its levels.

You collected 439 gold pieces.

Inventory:

Hand Weapons
 h - a +2 dagger of venom (weapon)
Missiles
 p - 39 poisoned darts
Armour
 a - a +0 robe (worn)
 k - a +2 buckler (worn)
 y - a scarf of repulsion
 z - a +2 cloak (worn)
Jewellery
 b - an uncursed ring of stealth
 c - an uncursed ring of ice
 f - a ring of protection from fire (left hand)
 r - a ring of protection from cold (right hand)
 B - an uncursed ring of fire
Wands
 C - a wand of disintegration (3)
 D - a wand of polymorph (9)
Scrolls
 e - 8 scrolls of remove curse {@r2}
 g - a scroll of fear {unknown}
 i - 3 scrolls of identify {@r1}
 j - a scroll of magic mapping {unknown}
 l - 3 scrolls of enchant armour
 n - a scroll of noise {unknown}
 o - 3 scrolls of teleportation {@r3}
 t - 2 scrolls of fog {unknown}
 w - 5 scrolls of enchant weapon {unknown}
 F - 2 scrolls of vulnerability {unknown}
 G - a scroll of amnesia {unknown}
 H - 2 scrolls of blinking {unknown}
 I - a scroll of brand weapon {unknown}
Potions
 d - 2 potions of degeneration {unknown}
 m - 3 potions of attraction {unknown}
 q - 3 potions of flight {unknown}
 s - a potion of magic {unknown}
 u - a potion of invisibility {unknown}
 v - a potion of resistance {unknown}
 x - 6 potions of curing {@q1}
 A - a potion of might {unknown}
 E - a potion of haste {unknown}
 J - a potion of berserk rage {unknown}
 K - a potion of brilliance {unknown}


   Skills:
 * Level 1.1 Fighting
 * Level 1.2 Short Blades
 - Level 2.1 Dodging
 - Level 2.0 Stealth
 - Level 4.0 Shields
 - Level 6.4 Spellcasting
 + Level 8.2 Conjurations
 + Level 9.6 Air Magic


You had 5 spell levels left.
You knew the following spells:

 Your Spells              Type           Power        Failure   Level
a - Shock                 Conj/Air       100%         1%          1
b - Swiftness             Air            42%          1%          2
c - Static Discharge      Conj/Air       40%          1%          3
d - Airstrike             Air            21%          1%          4
w - Lightning Bolt        Conj/Air       20%          8%          5

Your spell library contained the following spells:

 Spells                   Type           Power        Failure   Level


Dungeon Overview and Level Annotations

Branches:
Dungeon (8/15)             Temple (1/1) D:6
   Lair: D:8-11

Altars:
Ashenzari
Cheibriados
Dithmenos
Elyvilon
Fedhas
Gozag
Hepliaklqana
Kikubaaqudgha
Makhleb
Nemelex Xobeh
Okawaru
Qazlal
Ru
Sif Muna
Trog
Uskayaw
Vehumet
Wu Jian
Xom
Yredelemnul
Zin
The Shining One

Annotations:
D:8 Harold


Innate Abilities, Weirdness & Mutations

You have a beak for a mouth.
You have claws for feet.
You can fly continuously.


Message History

Harold fires a harpoon shot at you. The harpoon shot hits you!
You are yanked forward by the harpoon shot.
Casting: Airstrike (dangerous; 1% risk of failure)
Confirm with . or Enter, or press ? or * to list all spells.
Harold is struck by an arc of lightning!
Harold is lightly wounded.
The lightning grounds out.
Harold hits you with a +0 war axe.
Casting: Static Discharge (safe; 1% risk of failure)
Confirm with . or Enter, or press ? or * to list all spells.
Aiming: Airstrike (dangerous; 1% risk of failure)
Press: ? - help, Dir - move target, f - Harold
Aim: Harold, wielding a +0 war axe, wearing a +0 scale mail and quivering 2 throwing nets (lightly wounded)
The air twists around and strikes Harold!
Harold is moderately wounded.
Harold hits you with a +0 war axe!!
* * * LOW HITPOINT WARNING * * *
As you read the scroll of teleportation {@r3}, it crumbles to dust.
You feel strangely unstable. Harold hits you with a +0 war axe!
You die...

#.##### .....
#####.#...# #.....
#...#.#.#.###.#..
#.#.#.#.#.#...#.#
#.#.....#.#.#.#.#
#.###.#.#.#.#...
#.###.#.....#.....
#...#.#.#.###.#.#.#
#.#.#.#.....#@#.. #
#.#.#.###.#.#@# (.
###.#.# #.#...# ##.
#.#.. ..##### #.#
### ##### .# #.###
....##.# #...#
#..#... ###.#
#..#.# #.#
####....#


You could see Harold.

Vanquished Creatures
  Edmund (D:4)
  2 ice beasts
  4 phantoms
  A sky beast (D:6)
  3 ogres (D:7)
  2 black bears
  A centaur (D:5)
  A big kobold (D:6)
  A bullfrog (D:8)
  2 water moccasin zombies
  A scorpion (D:5)
  A wyvern skeleton (D:7)
  2 howler monkeys
  2 hounds
  A bullfrog skeleton (D:6)
  A jelly (D:7)
  3 orc wizards
  An iguana (D:4)
  4 worker ants
  A killer bee zombie (D:7)
  A hound zombie (D:7)
  A hound skeleton (D:5)
  Robin (D:3)
  4 adders
  6 gnolls (D:7)
  A shadow imp (D:5)
  2 white imps (D:5)
  3 ufetubi
  2 oozes (D:3)
  2 worms (D:2)
  2 adder skeletons (D:5)
  A dart slug (D:4)
  6 leopard geckos
  9 orcs
  4 giant cockroaches
  17 goblins
  12 hobgoblins
  10 jackals
  13 kobolds
  A quokka (D:7)
  2 ball pythons
  11 bats
  6 frilled lizards
  A leopard gecko skeleton (D:6)
  5 rats
158 creatures vanquished.

Vanquished Creatures (others)
  2 plants (D:5)
2 creatures vanquished.

Grand Total: 160 creatures vanquished

Notes
Turn   | Place    | Note
-------+----------+-------------------------------------------
     0 | D:1      | vatarom the Tengu Air Elementalist began the quest for the
                  | Orb.
     0 | D:1      | Reached XP level 1. HP: 10/10 MP: 4/4
   481 | D:1      | Reached XP level 2. HP: 14/15 MP: 1/6
   770 | D:1      | Learned a level 2 spell: Swiftness
  1296 | D:2      | Reached XP level 3. HP: 19/19 MP: 2/7
  1536 | D:2      | Learned a level 3 spell: Static Discharge
  1945 | D:2      | Found a shadowy altar of Dithmenos.
  2218 | D:2      | Reached skill level 5 in Air Magic
  2371 | D:2      | Found a broken altar of Ashenzari.
  2941 | D:3      | Reached XP level 4. HP: 24/24 MP: 4/8
  3141 | D:3      | Noticed Robin
  3157 | D:3      | Killed Robin
  3965 | D:3      | Gained mutation: You can fly continuously. [Tengu growth]
  3965 | D:3      | Reached XP level 5. HP: 28/28 MP: 2/9
  4037 | D:3      | Reached skill level 6 in Air Magic
  4581 | D:4      | Noticed a phantom
  4611 | D:4      | Killed a phantom
  4612 | D:4      | Reached skill level 5 in Conjurations
  4612 | D:4      | Reached skill level 7 in Air Magic
  4612 | D:4      | Reached XP level 6. HP: 23/32 MP: 0/10
  4700 | D:4      | Noticed Edmund
  4718 | D:4      | Killed Edmund
  5468 | D:4      | Noticed a phantom
  5550 | D:4      | Reached XP level 7. HP: 24/36 MP: 7/12
  5604 | D:3      | Learned a level 4 spell: Airstrike
  5866 | D:4      | Reached skill level 1 in Shields
  6521 | D:5      | Entered Level 5 of the Dungeon
  6844 | D:5      | Reached skill level 8 in Air Magic
  7140 | D:5      | Reached XP level 8. HP: 41/41 MP: 8/15
  7397 | D:5      | Found a white marble altar of Elyvilon.
  8311 | D:6      | Found a staircase to the Ecumenical Temple.
  8316 | D:6      | Reached skill level 5 in Spellcasting
  8468 | Temple   | Entered the Ecumenical Temple
  8621 | Temple   | Became a worshipper of Vehumet
  9376 | D:7      | Reached skill level 9 in Air Magic
  9438 | D:7      | Reached XP level 9. HP: 43/45 MP: 3/18
 10166 | D:7      | Learned a level 5 spell: Lightning Bolt
 10497 | D:8      | Reached skill level 1 in Short Blades
 10530 | D:8      | Reached skill level 1 in Fighting
 10618 | D:8      | Noticed Harold
 10621 | D:8      | Slain by Harold

Illustrated notes

Levels and vault maps discovered:
D:1:      minmay_arrival_up_and_down, layout_basic
D:2:      layout_basic, nicolae_dithmenos_through_a_glass_darkly, serial_rivers,
          chequers_serial_rivers_room_b, chequers_serial_rivers_micro_b,
          chequers_serial_rivers_micro_a, chequers_serial_rivers_small_b,
          chequers_serial_rivers_micro_b, chequers_serial_rivers_small_3,
          ashenzari_altar_1
D:3:      layout_basic, uniq_robin
D:4:      layout_layer_cave, wad_floor_pattern_2, nrook_mini_backslash,
          uniq_edmund
D:5:      layout_rooms, elyvilon_altar_1
D:6:      layout_layer_cave, temple_pool_b
D:7:      layout_cave_pools, dk_vineyard_1
D:8:      layout_basic, uniq_pikel, uniq_harold
Temple:   minmay_crystal_snake_temple

Skill      XL: |  1  2  3  4  5  6  7  8  9 |
---------------+----------------------------+-----
Conjurations   | 2 3 4 5 6 7 8 |  8.2
Air Magic      | 5 7 8 9 |  9.6
Spellcasting   | 3 4 5 6 |  6.4
Shields        | 2 4 |  4.0
Short Blades   | 1 |  1.2
Fighting       | 1 |  1.1
Dodging        | |  2.1
Stealth        | |  2.0

Action                   |  1- 3 |  4- 6 |  7- 9 || total
-------------------------+-------+-------+-------++-------
Melee: Short sword       |     5 |       |       ||     5
       Kick              |     5 |     7 |    19 ||    31
       Unarmed           |     3 |       |       ||     3
       Peck              |     2 |     4 |     9 ||    15
       Dagger            |     8 |    53 |    68 ||   129
Throw: Dart              |       |     9 |       ||     9
 Cast: Shock             |    80 |    59 |   152 ||   291
       Static Discharge  |     1 |     9 |    13 ||    23
       Airstrike         |       |       |    15 ||    15
       Swiftness         |       |       |     2 ||     2
  Use: Scroll            |       |     2 |     4 ||     6
       Potion            |       |     2 |       ||     2
 Stab: Sleeping          |       |     4 |     3 ||     7
Armor: Robe              |     7 |     7 |    24 ||    38
Dodge: Dodged            |    22 |    44 |    42 ||   108
Block: Buckler           |       |     5 |    37 ||    42
